 Dungeon Crawl Stone Soup version 0.26-a0-591-g04f19ec95a (webtiles) character file.

Game seed: 6656199284012265838

6431 Eifo4Ohj9gu9Dob0ohLe the Spear-Bearer (level 10, -4/126 HPs)
             Began as a Pale Draconian Berserker on Aug 24, 2020.
             Was a High Priest of Trog.
             Slain by an eight-headed hydra (9 damage)
             ... on level 1 of the Lair of Beasts.
             The game lasted 00:53:41 (10024 turns).

Eifo4Ohj9gu9Dob0ohLe the Spear-Bearer (DrBe)       Turns: 10024, Time: 00:53:42

Health: -4/126     AC: 10    Str: 21    XL:     10   Next: 67%
Magic:  10/10      EV: 16    Int: 11    God:    Trog [*****.]
Gold:   423        SH: 12    Dex: 21    Spells: 9/9 levels left

rFire    . . .     SeeInvis +   t - +8 spear of the Globe {venom, Fragile +Blink Int+4 SInv}
rCold    . . .     Faith    .   w - +1 kite shield
rNeg     . . .     Spirit   .   (armour unavailable)
rPois    .         Reflect  .   (helmet restricted)
rElec    .         Harm     .   r - +0 cloak
rCorr    .                      q - +1 pair of gloves
MR       .....                  (no boots)
Stlth    ..........             (no amulet)
HPRegen  0.31/turn              h - +6 ring of dexterity
MPRegen  0.12/turn              (no ring)

@: berserking, very quick
A: breathe steam, unfitting armour, agile 1, sense surroundings 2, cold-blooded,
AC +7
a: Breathe Steam, Berserk, Trog's Hand, Brothers in Arms, Renounce Religion,
Evoke Blink


You were on level 1 of the Lair of Beasts.
You worshipped Trog.
Trog was extremely pleased with you.
You visited 2 branches of the dungeon, and saw 9 of its levels.
You also visited: Sewer.

You collected 563 gold pieces.
You spent 140 gold pieces at shops.

Inventory:

Hand Weapons
 g - a +0 scythe of venom
 t - the +8 spear of the Globe (weapon) {venom, Fragile +Blink Int+4 SInv}
   (You found it on level 4 of the Dungeon)

   It poisons the flesh of those it strikes.
   It affects your intelligence (+4).
   It lets you see invisible.
   It lets you blink.
   It will be destroyed if unequipped.
 u - a +1 antimagic trident
 C - a +2 halberd of flaming
Missiles
 s - 45 poisoned darts (quivered)
Armour
 b - a scarf of harm
 q - a +1 pair of gloves (worn)
 r - a +0 cloak (worn)
 w - a +1 kite shield (worn)
Magical Staves
 y - an uncursed staff of poison {unknown}
Jewellery
 h - a +6 ring of dexterity (left hand)
 i - an uncursed ring of ice {unknown}
 x - an uncursed ring of wizardry
 z - an uncursed ring of flight {unknown}
Wands
 j - a wand of random effects (18)
 B - a wand of paralysis (12)
 E - a wand of digging (7)
Scrolls
 c - a scroll of identify
 e - 2 scrolls of immolation
 l - a scroll of brand weapon {unknown}
 v - 2 scrolls of blinking
Potions
 a - a potion of lignification
 d - a potion of resistance
 f - 5 potions of stabbing
 k - 6 potions of curing
 m - 3 potions of haste
 n - a potion of flight
 o - 2 potions of mutation
 p - 3 potions of cancellation
 A - a potion of magic {unknown}
 D - a potion of berserk rage


   Skills:
 + Level 6.9 Fighting
   Level 4.7 Maces & Flails
 * Level 11.1 Polearms
 + Level 6.6 Dodging
 + Level 4.2 Stealth
 * Level 5.3 Shields
 + Level 0.5 Evocations


You had 9 spell levels left.
You didn't know any spells.
Your spell library was empty.

Dungeon Overview and Level Annotations

Branches:
Dungeon (8/15)             Temple (0/1) D:4            Lair (1/6) D:8
  Sewer (visited)

Altars:
Fedhas
Gozag
Hepliaklqana
Okawaru
Qazlal
Sif Muna
Wu Jian
Xom
The Shining One

Shops:
D:8 !


Innate Abilities, Weirdness & Mutations

You can breathe blasts of scalding, opaque steam.
Your pale cyan-grey scales are hard. (AC +7)
You cannot fit into any form of body armour.
You are cold-blooded and may be slowed by cold attacks.
You are agile. (Dex +2)
You passively map the area around you.


Message History

You puncture the eight-headed hydra!
The eight-headed hydra is poisoned.
The eight-headed hydra is lightly wounded.
The eight-headed hydra bites you.
You block the eight-headed hydra's attack.
The eight-headed hydra bites you!
You block the eight-headed hydra's attack.
The eight-headed hydra misses you. The eight-headed hydra bites you!!
The eight-headed hydra bites you. The eight-headed hydra bites you!
* * * LOW HITPOINT WARNING * * *
A red film seems to cover your vision as you go berserk!
You feel yourself moving faster!
You feel mighty! The eight-headed hydra bites you!
* * * LOW HITPOINT WARNING * * *
The eight-headed hydra bites you.
* * * LOW HITPOINT WARNING * * *
The eight-headed hydra barely misses you. x2
The eight-headed hydra bites you!
* * * LOW HITPOINT WARNING * * *
The eight-headed hydra bites you!
You die...

...#.......#...(.###### *
....#.+##.##............, ,
........................ ,
........................ ,
........................, , ,,
........................, ,,
...##'#+###............. * *
...##.#.##P............. , *
...#.....#......@D...... , *,
...##....##.....##..##.# , **
...##...........#* ## * ,,, *
...##....##.....# #####
...##.....#.....###...###.....#..
....#....##.....'.'.....+.....##.
...###.P.P#......##.#.#P#....##P.
....#.##'##.....###...#*#........
................###..'###........


You could see an eight-headed hydra (very poisoned).

Vanquished Creatures
  A hydra (Lair:1)
  Pikel (D:7)
  3 cane toads (Lair:1)
  A komodo dragon (Lair:1)
  Sigmund (D:2)
  3 wyverns (D:8)
  3 yaks (Lair:1)
  Menkaure (D:5)
  An acid dragon (D:8)
  A water moccasin (Lair:1)
  A porcupine (Lair:1)
  Duvessa (D:5)
  2 sky beasts (D:5)
  An ice beast (D:3)
  An ogre (D:5)
  A necrophage (D:8)
  3 lemures (D:7)
  A crocodile (D:8)
  9 bullfrogs
  A gnoll sergeant (D:7)
  A wyvern zombie (D:7)
  A scorpion (D:8)
  Dowan (D:5)
  A howler monkey (D:5)
  2 jellies
  9 orc wizards
  A quasit (D:8)
  5 orc priests
  4 hounds
  A bullfrog skeleton (D:6)
  An iguana (D:6)
  3 worker ants
  2 hound skeletons
  2 hound zombies
  2 worker ant zombies
  12 adders
  10 gnolls
  A howler monkey skeleton (D:4)
  A shadow imp (D:6)
  A white imp (D:8)
  12 oozes
  An adder skeleton (D:5)
  4 worms
  A dart slug (D:1)
  13 leopard geckos
  26 orcs
  10 bats
  15 giant cockroaches
  7 hobgoblins
  18 jackals
  2 quokkas
  9 ball pythons
  9 frilled lizards
  7 goblins
  A goblin zombie (D:8)
  A hobgoblin zombie (D:8)
  9 kobolds
  2 kobold skeletons (D:8)
  2 kobold zombies (D:8)
  3 orc skeletons (D:8)
  A quokka skeleton (D:4)
  13 rats
264 creatures vanquished.

Vanquished Creatures (others)
  4 fungi (Lair:1)
  13 plants
17 creatures vanquished.

Grand Total: 281 creatures vanquished

Notes
Turn   | Place    | Note
-------+----------+-------------------------------------------
     0 | D:1      | Eifo4Ohj9gu9Dob0ohLe the Draconian Berserker began the
                  | quest for the Orb.
     0 | D:1      | Reached XP level 1. HP: 19/19 MP: 1/1
   239 | D:1      | Reached XP level 2. HP: 11/26 MP: 2/2
  1002 | D:1      | Reached XP level 3. HP: 28/31 MP: 3/3
  1128 | D:2      | Reached ** piety under Trog
  1252 | D:2      | Noticed Sigmund
  1263 | D:2      | Killed Sigmund
  1263 | D:2      | Reached XP level 4. HP: 28/41 MP: 4/4
  1263 | D:2      | Reached XP level 5. HP: 32/47 MP: 5/5
  2600 | D:3      | Reached skill level 1 in Polearms
  2673 | D:3      | Reached XP level 6. HP: 38/53 MP: 6/6
  2918 | D:3      | Noticed an ice beast
  2929 | D:3      | Killed an ice beast
  2929 | D:3      | Reached *** piety under Trog
  2929 | D:3      | Reached skill level 2 in Polearms
  2929 | D:3      | Reached skill level 1 in Stealth
  3597 | D:4      | Reached skill level 3 in Polearms
  3597 | D:4      | Your scales start taking on a pale cyan-grey colour.
  3597 | D:4      | Reached XP level 7. HP: 60/60 MP: 7/7
  4084 | D:4      | Found a staircase to the Ecumenical Temple.
  4104 | D:4      | Found a hazy altar of Hepliaklqana.
  4145 | D:4      | Found a glowing drain.
  4147 | D:4      | Got a jewelled spear
  4168 | Sewer    | Entered a sewer
  4194 | Sewer    | Reached skill level 5 in Fighting
  4258 | Sewer    | Reached **** piety under Trog
  4544 | Sewer    | Reached skill level 4 in Polearms
  5403 | D:4      | Identified the +8 spear of the Globe {venom, Fragile +Blink
                  | Int+4 SInv} (You found it on level 4 of the Dungeon)
  5410 | D:5      | Entered Level 5 of the Dungeon
  5421 | D:5      | Found an ornate altar of the Wu Jian Council.
  5421 | D:5      | Found an iron altar of Okawaru.
  5429 | D:5      | Reached skill level 5 in Polearms
  5429 | D:5      | Reached skill level 5 in Dodging
  5436 | D:5      | Found a shimmering altar of Xom.
  5436 | D:5      | Found a shimmering blue altar of Sif Muna.
  5437 | D:5      | Found a blossoming altar of Fedhas.
  5442 | D:5      | Found a stormy altar of Qazlal.
  5445 | D:5      | Found an opulent altar of Gozag.
  5475 | D:5      | Reached XP level 8. HP: 68/68 MP: 8/8
  5598 | D:5      | Noticed Menkaure
  5604 | D:5      | Killed Menkaure
  5604 | D:5      | Reached skill level 6 in Polearms
  6051 | D:5      | Noticed Dowan
  6058 | D:5      | Killed Dowan
  6058 | D:5      | Reached ***** piety under Trog
  6059 | D:5      | Noticed Duvessa
  6070 | D:5      | Killed Duvessa
  6070 | D:5      | Reached skill level 7 in Polearms
  6878 | D:6      | Gained mutation: You passively map a small area around you.
                  | [potion of mutation]
  6878 | D:6      | Gained mutation: You are agile. (Dex +2) [potion of
                  | mutation]
  6878 | D:6      | Gained mutation: You passively map the area around you.
                  | [potion of mutation]
  7143 | D:6      | Reached XP level 9. HP: 75/75 MP: 9/9
  7532 | D:7      | Reached skill level 8 in Polearms
  7590 | D:7      | Reached skill level 1 in Shields
  7720 | D:7      | Noticed Pikel
  7734 | D:7      | Killed Pikel
  8047 | D:7      | Reached skill level 9 in Polearms
  8149 | D:8      | Received a gift from Trog
  8547 | D:8      | Found Konnob's Distillery.
  8563 | D:8      | Bought a potion of resistance for 140 gold pieces
  8620 | D:8      | Found a glowing golden altar of the Shining One.
  8832 | D:8      | Reached XP level 10. HP: 74/84 MP: 10/10
  8899 | D:8      | Found a staircase to the Lair.
  8928 | Lair:1   | Entered Level 1 of the Lair of Beasts
  8988 | Lair:1   | Noticed a cane toad
  8997 | Lair:1   | Killed a cane toad
  8997 | Lair:1   | Reached skill level 10 in Polearms
  9101 | Lair:1   | Noticed a cane toad
  9113 | Lair:1   | Killed a cane toad
  9408 | Lair:1   | Noticed a four-headed hydra
  9416 | Lair:1   | Killed a four-headed hydra
  9416 | Lair:1   | Reached skill level 5 in Shields
  9768 | Lair:1   | Noticed a cane toad
  9783 | Lair:1   | Killed a cane toad
  9783 | Lair:1   | Reached skill level 11 in Polearms
 10020 | Lair:1   | Noticed an eight-headed hydra
 10024 | Lair:1   | HP: 5/126 [eight-headed hydra (16)]
 10024 | Lair:1   | Slain by an eight-headed hydra

Illustrated notes

Levels and vault maps discovered:
D:1:      wander_arrival_peaceful_grave, layout_basic, minmay_domino_2
D:2:      layout_rooms, grunt_ministairs_7, grunt_decor_one_mirror,
          minmay_lizard_king, uniq_sigmund
D:3:      layout_loops_ring, minmay_misc_feat_pillars
D:4:      layout_loops_corners, old_standard_altar, minmay_temple_entry_tees,
          portal_sewer_entry_b
D:5:      layout_basic, grunt_temple_overflow_open, uniq_duvessa, uniq_menkaure
D:6:      layout_basic
D:7:      layout_loops_ring, uniq_pikel
D:8:      layout_rooms, nicolae_tso_besieged_by_evil, erik_lair_dragon,
          serial_shops, nicolae_shop_stone, chequers_garden
Lair:1:   layout_regular_city

Skill      XL: |  1  2  3  4  5  6  7  8  9 10 |
---------------+-------------------------------+-----
Dodging        | 3 4 5 6 |  6.6
Fighting       | 4 5 6 |  6.9
Maces & Flails | 4 |  4.7
Polearms       | 1 3 5 7 9 11 | 11.1
Stealth        | 1 2 3 4 |  4.2
Shields        | 3 5 |  5.3
Evocations     | |  0.5

Action                   |  1- 3 |  4- 6 |  7- 9 | 10-12 || total
-------------------------+-------+-------+-------+-------++-------
Melee: Mace              |   111 |     3 |       |       ||   114
       Tailslap          |     9 |    16 |    72 |    15 ||   112
       Scythe            |       |   157 |   181 |       ||   338
       Spear             |       |       |   250 |    65 ||   315
Invok: Berserk           |     3 |     3 |    10 |     2 ||    18
 Abil: Breathe Steam     |       |       |     6 |       ||     6
       Evoke Blink       |       |       |     1 |       ||     1
  Use: Potion            |       |     4 |     6 |       ||    10
       Scroll            |       |     5 |    10 |       ||    15
 Stab: Sleeping          |       |     1 |     8 |     1 ||    10
Armor: Skin              |    39 |    91 |   133 |     7 ||   270
Dodge: Dodged            |   114 |   211 |   372 |    27 ||   724
Block: Kite shield       |       |       |    64 |    30 ||    94

Table legend: (Time is in decaauts)
 A = Elapsed time spent in this place.
 B = Non-inter-level travel time spent in this place.
 C = Inter-level travel time spent in this place.
 D = Time resting spent in this place.
 E = Time spent auto-exploring this place.
 F = Levels seen in this place.
 G = Mean time per level.
                   A        B        C        D        E       F      G
               +--------+--------+--------+--------+--------+-----+--------+
         Total |  10471 |  10471 |      0 |   4159 |   1129 |  10 | 1047.1 |
       Dungeon |   8427 |   8427 |      0 |   3078 |   1129 |   8 | 1053.4 |
          Lair |   1081 |   1081 |      0 |    620 |      0 |   1 | 1081.0 |
         Sewer |    962 |    962 |      0 |    460 |      0 |   1 |  962.0 |
               +--------+--------+--------+--------+--------+-----+--------+

Top non-repeatable levels by time:
     D:2: 1511 daAuts
     D:1: 1155 daAuts
     D:3: 1143 daAuts
     D:6: 1117 daAuts
  Lair:1: 1081 daAuts
     D:4: 1071 daAuts
   Sewer: 962 daAuts
     D:5: 874 daAuts
     D:8: 789 daAuts
     D:7: 764 daAuts
